 Dungeon Crawl Stone Soup version 0.28-a0-662-g1651b1f1e0 (webtiles) character file.

Game seed: 1742700934292775966

560 cheechan the Chopper (level 7, -1/49 HPs)
             Began as an Octopode Berserker on Oct 14, 2021.
             Was a Believer of Trog.
             Slain by a black bear (5 damage)
             ... on level 4 of the Dungeon.
             The game lasted 00:10:30 (3780 turns).

cheechan the Chopper (Octopode Berserker)           Turns: 3780, Time: 00:10:31

Health: -1/49      AC:  1    Str: 16    XL:     7   Next: 31%
Magic:  7/7        EV: 14    Int: 10    God:    Trog [**....]
Gold:   111        SH:  0    Dex: 13    Spells: 6/6 levels left

rFire   . . .      SeeInvis .   p - +2 short sword (venom)
rCold   . . .      Faith    .   (no shield)
rNeg    . . .      Spirit   .   d - +0 hat
rPois   .          Reflect  .   (no amulet)
rElec   .          Harm     .   f - +4 ring of slaying
rCorr   .          Rampage  .   (no ring)
Will    .....                   (no ring)
Stlth   +++.......              (no ring)
HPRegen 0.16/turn               (no ring)
MPRegen 0.10/turn               (no ring)
                                (no ring)
                                (no ring)

@: on berserk cooldown, slowed, very slow
A: almost no armour, amphibious, 8 rings, camouflage 1, gelatinous body 1,
(nimble swimmer 1), tentacles
a: Renounce Religion, Berserk, Trog's Hand


You were on level 4 of the Dungeon.
You worshipped Trog.
Trog was pleased with you.
You visited 1 branch of the dungeon, and saw 4 of its levels.

You collected 111 gold pieces.

Inventory:

Hand Weapons
 a - a +0 hand axe
 j - a +0 spear
 m - a +0 whip
 o - a +0 mace
 p - a +2 short sword of venom (weapon)
 s - a +0 trident
 t - a +0 morningstar
Missiles
 c - 64 stones
 e - a throwing net
 i - 14 sling bullets
 k - 27 poisoned darts (quivered)
 q - 23 arrows
Armour
 d - a +0 hat (worn)
 h - a scarf of resistance
Jewellery
 f - a +4 ring of slaying (left tentacle)
Wands
 r - a wand of iceblast (6)
Scrolls
 n - 2 scrolls of fear
Potions
 b - 2 potions of haste
 g - a potion of brilliance {unknown}
 l - a potion of mutation {unknown}


   Skills:
 + Level 4.3 Fighting
 + Level 1.7 Short Blades
 + Level 5.8 Axes
 + Level 4.3 Dodging
 + Level 3.6 Stealth


You had 6 spell levels left.
You didn't know any spells.
Your spell library was empty.

Dungeon Overview and Level Annotations

Branches:
Dungeon (4/15)
 Temple: D:4-7

Altars:
Sif Muna
Trog

Shops:
D:3 :


Innate Abilities, Weirdness & Mutations

You cannot wear most types of armour.
You are amphibious.
You can wear up to eight rings at the same time.
Your skin changes colour to match your surroundings (Stealth+).
Your rubbery body absorbs attacks. (AC +1, EV +1)
((You are camouflaged near water. (Stealth+)))
You have tentacles for arms and can constrict up to eight enemies at once.


Message History

You hit the necrophage.
The necrophage is severely damaged.
You constrict the necrophage!
You destroy the necrophage!
Trog accepts your kill. The kobold completely misses you.
Your life force feels restored.
You puncture the kobold!
You kill the kobold!
Trog accepts your kill. The black bear misses you. The black bear claws you. x2
Your skin crawls.
You feel strong-willed. The black bear barely misses you.
The black bear claws you. The black bear closely misses you.
You hit the black bear. You grab the black bear.
The black bear is lightly wounded.
You feel the effects of Trog's Hand fading.
You constrict the black bear. The black bear bites you!
The black bear closely misses you. The black bear barely misses you.
The black bear bites you.
* * * LOW HITPOINT WARNING * * *
The black bear claws you.
* * * LOW HITPOINT WARNING * * *
The black bear closely misses you.
You release your grip on the black bear.
The black bear bites you but does no damage.
The black bear claws you.
* * * LOW HITPOINT WARNING * * *
The black bear claws you.
* * * LOW HITPOINT WARNING * * *
The phantom barely misses you.
You see here a hound corpse.
Your skin stops crawling.
You feel less strong-willed. The phantom hits you!
* * * LOW HITPOINT WARNING * * *
The phantom blinks!
You blink.
The phantom completely misses you. The black bear bites you.
You die...

####...>. ..# ###.......#
#.# #.........# #.#
.##.......#######.#
..........†.......#######
......†$).#).###........#
##....)..W..........)....
##......h........#####..
#.....@########## ###
..##...## .# ##..# #.##
.. #.. #. #.


You could see a phantom and a black bear.

Vanquished Creatures
  Grinder (D:3)
  A necrophage (D:4)
  A scorpion (D:4)
  An orc priest (D:4)
  A hound (D:4)
  Terence (D:3)
  2 adders
  3 gnolls (D:2)
  A worm (D:2)
  A dart slug (D:3)
  2 orcs (D:4)
  3 ball pythons
  4 endoplasms
  3 giant cockroaches
  4 goblins
  9 hobgoblins
  6 jackals
  2 quokkas
  5 bats
  6 frilled lizards
  5 kobolds
  4 rats
66 creatures vanquished.

Notes
Turn   | Place    | Note
-------+----------+-------------------------------------------
     0 | D:1      | cheechan the Octopode Berserker began the quest for the
                  | Orb.
     0 | D:1      | Reached XP level 1. HP: 16/16 MP: 1/1
   281 | D:1      | Reached XP level 2. HP: 7/21 MP: 2/2
   697 | D:1      | Found a faded altar of an unknown god.
  1200 | D:2      | Found a bloodstained altar of Trog.
  1247 | D:2      | Reached XP level 3. HP: 22/26 MP: 3/3
  1453 | D:2      | Reached ** piety under Trog
  1599 | D:2      | Reached skill level 4 in Axes
  1599 | D:2      | Reached XP level 4. HP: 23/31 MP: 4/4
  1919 | D:2      | Reached skill level 1 in Stealth
  2497 | D:3      | Noticed Terence
  2509 | D:3      | Killed Terence
  2510 | D:3      | Reached XP level 5. HP: 26/36 MP: 5/5
  2722 | D:3      | Found Woydu's Book Emporium.
  2954 | D:3      | Noticed Grinder
  2956 | D:3      | Paralysed by Grinder for 4 turns
  2965 | D:3      | Killed Grinder
  2966 | D:3      | Reached skill level 5 in Axes
  2966 | D:3      | Reached XP level 6. HP: 19/43 MP: 6/6
  3493 | D:4      | Found a shimmering blue altar of Sif Muna.
  3759 | D:4      | Reached skill level 1 in Short Blades
  3762 | D:4      | Noticed a necrophage
  3764 | D:4      | Reached XP level 7. HP: 48/48 MP: 7/7
  3780 | D:4      | Slain by a black bear

Illustrated notes

Levels and vault maps discovered:
D:1:      minmay_arrival_jagged, layout_rooms, hellmonk_ecumenical_altar_zigzags
D:2:      layout_loops_ring, basic_altar
D:3:      layout_basic, serial_shops, shop, uniq_terence, uniq_grinder
D:4:      layout_loops_ring, lemuel_blue_sif_altar, minmay_temple_entry_fiery,
          chequers_serial_rivers_room_b, chequers_serial_rivers_small_b,
          minmay_pentomino_pile, uniq_pikel

Skill      XL: |  1  2  3  4  5  6 |
---------------+-------------------+-----
Axes           | 4 5 |  5.8
Stealth        | 1 2 3 |  3.6
Fighting       | 4 |  4.3
Dodging        | 4 |  4.3
Short Blades   | 1 |  1.7

Action                   |  1- 3 |  4- 6 |  7- 9 || total
-------------------------+-------+-------+-------++-------
Melee: Hand axe          |    59 |    26 |       ||    85
       Constrict         |    17 |    11 |     3 ||    31
       Tentacles         |     7 |     8 |     1 ||    16
       Short sword       |       |    21 |     7 ||    28
Invok: Berserk           |     3 |     2 |       ||     5
       Trog's Hand       |       |     1 |     1 ||     2
  Use: Scroll            |     1 |     2 |       ||     3
 Stab: Sleeping          |       |     3 |       ||     3
Armor: Skin              |     5 |     3 |     2 ||    10
Dodge: Dodged            |    44 |    30 |    15 ||    89

Table legend: (Time is in decaauts)
 A = Elapsed time spent in this place.
 B = Non-inter-level travel time spent in this place.
 C = Inter-level travel time spent in this place.
 D = Time resting spent in this place.
 E = Time spent auto-exploring this place.
 F = Levels seen in this place.
 G = Mean time per level.
                   A        B        C        D        E       F      G
               +--------+--------+--------+--------+--------+-----+--------+
         Total |   3830 |   3830 |      0 |   1562 |     13 |   4 |  957.5 |
       Dungeon |   3830 |   3830 |      0 |   1562 |     13 |   4 |  957.5 |
               +--------+--------+--------+--------+--------+-----+--------+

Top non-repeatable levels by time:
     D:1: 1219 daAuts
     D:3: 1199 daAuts
     D:2: 1035 daAuts
     D:4: 376 daAuts
